 Dungeon Crawl Stone Soup version 0.28.0-1-gb440e238dd (webtiles) character file.

Game seed: 14461653237102209860

2286 a3don the Blocker (level 9, -1/81 HPs)
             Began as a Minotaur Fighter on Feb 22, 2022.
             Slain by a five-headed hydra (6 damage)
             ... on level 7 of the Dungeon.
             The game lasted 00:12:44 (7435 turns).

a3don the Blocker (Minotaur Fighter)                Turns: 7435, Time: 00:12:44

Health: -1/81      AC: 15    Str: 25    XL:     9   Next: 17%
Magic:  8/8        EV:  7    Int:  5    God:
Gold:   338        SH: 10    Dex: 10    Spells: 8/8 levels left

rFire   . . .      SeeInvis .   I - +3 flail
rCold   . . .      Faith    .   D - +0 kite shield
rNeg    . . .      Spirit   .   F - +0 storm dragon scales
rPois   .          Reflect  .   (helmet restricted)
rElec   +          Harm     .   (no cloak)
rCorr   .          Rampage  .   f - +0 pair of gloves
Will    +....                   (no boots)
Stlth   ..........              z - amulet of the acrobat
HPRegen 0.23/turn               h - ring of wizardry
MPRegen 0.11/turn               A - ring of willpower

@: no status effects
A: horns 2, retaliatory headbutt
a: no special abilities


You were on level 7 of the Dungeon.
You visited 1 branch of the dungeon, and saw 7 of its levels.
You also visited: Ossuary.

You collected 338 gold pieces.

Inventory:

Hand Weapons
 a - a +0 war axe
 q - the +11 dagger of Tension {vamp, *Corrode Fly Str-4 Int+4}
   (You found it on level 3 of the Dungeon)

   It occasionally heals its wielder for a portion of the damage dealt when it
   wounds a living foe.
   Str:       It affects your strength (-4).
   Int:       It affects your intelligence (+4).
   Fly:       It grants you flight.
   *Corrode:  It may corrode you when you take damage.
 y - a +2 mace of draining
 I - a +3 flail (weapon)
Missiles
 l - a throwing net
 C - 2 boomerangs (quivered)
Armour
 f - a +0 pair of gloves (worn)
 D - a +0 kite shield (worn)
 F - +0 storm dragon scales (worn)
 G - an orb of energy
Magical Staves
 d - a staff of cold
 g - a staff of fire
Jewellery
 h - a ring of wizardry (left hand)
 z - an amulet of the acrobat (around neck)
 A - a ring of willpower (right hand)
 H - a +4 ring of evasion
Scrolls
 b - 2 scrolls of noise {unknown}
 j - a scroll of blinking
 k - 5 scrolls of teleportation
 m - a scroll of vulnerability {unknown}
 n - 2 scrolls of amnesia {unknown}
 p - 4 scrolls of identify
 t - 3 scrolls of enchant armour {unknown}
 v - 3 scrolls of immolation {unknown}
Potions
 c - a potion of ambrosia {unknown}
 e - 3 potions of heal wounds
 i - 2 potions of degeneration
 o - a potion of mutation
 r - a potion of cancellation
 s - a potion of brilliance
 u - a potion of curing
 w - a potion of might
 x - a potion of haste {unknown}
 B - a potion of flight {unknown}
 E - a potion of berserk rage {unknown}


   Skills:
 + Level 8.2 Fighting
 + Level 7.7 Axes
 + Level 8.2 Armour
 + Level 8.2 Shields


You had 8 spell levels left.
You didn't know any spells.
Your spell library contained the following spells:

 Spells                   Type           Power      Damage    Failure   Level
 Apportation              Tloc           0%         N/A       94%         1
 Passwall                 Tmut/Erth      0%         N/A       98%         2
 Ignite Poison            Fire/Tmut/Pois 0%         N/A       100%        3
 Mephitic Cloud           Conj/Pois/Air  0%         N/A       100%        3
 Leda's Liquefaction      Hex/Erth       0%         N/A       100%        4
 Alistair's Intoxication  Tmut/Pois      0%         N/A       100%        5
 Freezing Cloud           Conj/Ice/Air   0%         6-21      100%        5
 Lee's Rapid Deconstruct  Erth           0%         3d5*      100%        5
 Iron Shot                Conj/Erth      0%         9d1       100%        6


Dungeon Overview and Level Annotations

Branches:
Dungeon (7/15)             Temple (0/1) D:4         Ossuary (visited)

Altars:

Annotations:
D:7 1 runed translucent door, spaghetti's ghost, novice DsDe


Innate Abilities, Weirdness & Mutations

You have a pair of horns on your head.
You reflexively headbutt those who attack you in melee.


Message History

Okay, then.
Okay, then.
You sock the five-headed hydra! You headbutt the five-headed hydra!
The five-headed hydra is moderately wounded.
The five-headed hydra closely misses you.
The five-headed hydra bites you!
The five-headed hydra barely misses you.
You block the five-headed hydra's attack. x2
You hit the five-headed hydra. You headbutt the five-headed hydra!
The five-headed hydra is heavily wounded.
The five-headed hydra bites you but does no damage.
You block the five-headed hydra's attack.
The five-headed hydra barely misses you.
The five-headed hydra bites you! x2
You sock the five-headed hydra!
The five-headed hydra is severely wounded.
The five-headed hydra closely misses you.
You furiously retaliate!
You headbutt the five-headed hydra, but do no damage.
The five-headed hydra bites you.
The five-headed hydra bites you but does no damage.
The five-headed hydra bites you! x2; The five-headed hydra bites you. x4
The five-headed hydra bites you but does no damage.
You are too injured to fight recklessly!
You hit the five-headed hydra.
The five-headed hydra is almost dead.
You block the five-headed hydra's attack.
The five-headed hydra closely misses you.
The five-headed hydra bites you! x2
* * * LOW HITPOINT WARNING * * *
You block the five-headed hydra's attack.
You completely miss the five-headed hydra.
The five-headed hydra is severely wounded.
The five-headed hydra barely misses you.
You furiously retaliate!
You headbutt the five-headed hydra!
The five-headed hydra barely misses you.
The five-headed hydra bites you!
* * * LOW HITPOINT WARNING * * *
The five-headed hydra bites you.
You die...

.........#......####.#...........
.........#.#.....#......# #......
...≈≈≈≈..#≈≈≈≈...#.#.#..###......
..≈≈##≈..≈≈##≈...(.........>.....
≈≈≈##≈≈≈≈≈##≈≈##.≈≈≈≈...###......
###########≈≈≈≈≈≈≈##≈...###...##.
######≈##≈≈............
#.#.#.###≈≈.#.####...##.
$..≈.≈D@'≈..#.# #...##.
#.#.#.###≈≈...# #...##.
######≈##≈≈### #...### #
#########≈≈≈≈≈≈≈##≈# #...###
##≈≈≈≈≈≈≈≈##≈≈.##≈≈≈≈## #......
≈##≈.....≈≈##≈.#####..# #.#.###
≈≈≈≈#####.≈≈≈≈.# ##.# #.### #
...##.....###########.# #
...##.###.##..........## #


You could see a five-headed hydra.

Vanquished Creatures
  Sigmund (D:5)
  3 yaks (D:5)
  A wraith (Ossuary)
  A sky beast (D:7)
  An ogre (D:5)
  An elf zombie (D:4)
  Blork the orc (D:4)
  A bullfrog (D:6)
  An elf skeleton (D:4)
  A scorpion (D:6)
  A water moccasin skeleton (D:5)
  3 wights (D:7)
  2 howler monkeys
  An orc priest (D:5)
  A bullfrog skeleton (D:6)
  2 human zombies
  2 jellies
  A gnoll shaman (D:6)
  A hound (D:6)
  Jessica (D:3)
  Natasha (D:2)
  2 human skeletons (D:4)
  2 iguanas (D:7)
  2 orc wizards
  Terence (D:3)
  3 mummies (Ossuary)
  Robin (D:2)
  9 gnolls
  2 adders
  A white imp (D:5)
  An ufetubus (D:5)
  4 dart slugs
  27 orcs
  3 bats
  7 endoplasms
  4 giant cockroaches
  20 goblins
  7 hobgoblins
  9 jackals
  4 kobolds
  4 quokkas
  6 ball pythons
  5 frilled lizards (D:1)
  5 goblin zombies (Ossuary)
  A hobgoblin zombie (Ossuary)
  2 kobold zombies (Ossuary)
  An orc skeleton (D:4)
  5 rats
166 creatures vanquished.

Notes
Turn   | Place    | Note
-------+----------+-------------------------------------------
     0 | D:1      | a3don the Minotaur Fighter began the quest for the Orb.
     0 | D:1      | Reached XP level 1. HP: 19/19 MP: 0/0
   167 | D:1      | Reached XP level 2. HP: 27/27 MP: 1/1
   863 | D:2      | Reached XP level 3. HP: 33/33 MP: 2/2
  1389 | D:2      | Reached XP level 4. HP: 40/40 MP: 3/3
  1421 | D:2      | Noticed Natasha
  1427 | D:2      | Killed Natasha
  1446 | D:2      | Noticed Robin
  1451 | D:2      | Killed Robin
  1566 | D:3      | Noticed Terence
  1577 | D:3      | Killed Terence
  1578 | D:3      | Reached XP level 5. HP: 23/47 MP: 4/4
  1807 | D:3      | Identified the +11 dagger of Tension {vamp, *Corrode Fly
                  | Str-4 Int+4}
  1841 | D:3      | Noticed Jessica
  1847 | D:3      | Killed Jessica
  1878 | D:3      | You fall into a shaft and drop 2 floors!
  1878 | D:5      | Entered Level 5 of the Dungeon
  1998 | D:4      | Reached skill level 5 in Shields
  2013 | D:4      | Noticed Blork the orc
  2021 | D:4      | Killed Blork the orc
  2022 | D:4      | Reached skill level 5 in Fighting
  2022 | D:4      | Reached skill level 5 in Armour
  2022 | D:4      | Reached XP level 6. HP: 39/56 MP: 5/5
  2125 | D:4      | Got the Incunabulum of Ignition and the Rocks
  2227 | D:4      | Found a staircase to the Ecumenical Temple.
  2312 | D:4      | Reached skill level 5 in Axes
  2320 | D:4      | Found a sand-covered staircase.
  2333 | D:4      | Reached XP level 7. HP: 41/62 MP: 6/6
  2335 | Ossuary  | Entered an ossuary
  2335 | Ossuary  | Noticed a wraith
  2335 | Ossuary  | Noticed a wraith
  2335 | Ossuary  | Noticed a wraith
  2649 | Ossuary  | Noticed a wraith
  2666 | Ossuary  | Killed a wraith
  4816 | D:5      | Noticed Sigmund
  4827 | D:5      | Killed Sigmund
  4828 | D:5      | Reached XP level 8. HP: 59/71 MP: 7/7
  6587 | D:6      | Reached XP level 9. HP: 22/81 MP: 8/8
  7189 | D:7      | Noticed spaghetti's ghost (novice DsDe)
  7256 | D:7      | Found a runed translucent door.
  7426 | D:7      | Noticed a five-headed hydra
  7435 | D:7      | Slain by a five-headed hydra

Illustrated notes

Levels and vault maps discovered:
D:1:      denvon_arrival_planthouse, layout_basic
D:2:      layout_loops_ring, shapermc_ecumenical_altar_pompeii, uniq_robin,
          uniq_natasha
D:3:      layout_rooms, minmay_misc_feat_roman, uniq_terence, uniq_jessica
D:4:      layout_loops_corners, minmay_temple_entry_glassed_door,
          serial_co_window_serial, co_window_of_opportunity_a,
          co_window_corner_a, co_window_paths_a, co_window_paths_a,
          co_window_of_opportunity_a, co_window_2corner, co_window_broadway_a,
          co_window_broadway_c, co_window_paths_c, co_window_of_opportunity_c,
          co_window_sun, nicolae_ossuary_entry_catacombs, uniq_blork_the_orc
D:5:      layout_loops_corners, uniq_sigmund
D:6:      layout_rooms, chequers_decorated_corner
D:7:      layout_basic, hellmonk_ghost_happy_afterlife, enter_bailey_3,
          minmay_manual_mullet

Skill      XL: |  1  2  3  4  5  6  7  8  9 |
---------------+----------------------------+-----
Shields        | 4 5 6 7 8 |  8.2
Armour         | 4 5 6 7 8 |  8.2
Fighting       | 4 5 6 7 8 |  8.2
Axes           | 3 4 5 6 7 |  7.7

Action                   |  1- 3 |  4- 6 |  7- 9 || total
-------------------------+-------+-------+-------++-------
Melee: War axe           |    83 |   130 |   255 ||   468
       Headbutt          |    10 |    25 |    35 ||    70
       Flail             |       |       |     5 ||     5
Throw: Boomerang         |       |       |     2 ||     2
  Use: Potion            |       |     1 |     4 ||     5
       Scroll            |       |       |     5 ||     5
Armor: Scale mail        |    46 |    47 |    38 ||   131
       Chain mail        |       |       |    24 ||    24
       Storm dragon scal |       |       |    72 ||    72
Dodge: Dodged            |    44 |    30 |    94 ||   168
Block: Buckler           |    16 |    20 |    21 ||    57
       Kite shield       |       |       |    75 ||    75
